 Dungeon Crawl Stone Soup version 0.29-a0-817-g9904bce7a6 (webtiles) character file.

Game seed: 3173840275370732300

1686 Orthodox the Conjurer (level 8, -2/52 HPs)
             Began as a Demonspawn Fire Elementalist on July 5, 2022.
             Slain by an iguana (6 damage)
             ... on level 6 of the Dungeon.
             The game lasted 00:39:07 (7448 turns).

Orthodox the Conjurer (DsFE)                        Turns: 7448, Time: 00:39:07

Health: -2/52      AC:  2    Str: 10    XL:     8   Next: 71%
Magic:  3/12       EV: 15    Int: 18    God:
Gold:   276        SH:  0    Dex: 13    Spells: 3/13 levels left

rFire   . . .      SeeInvis .   x - +1 dagger (venom)
rCold   . . .      Faith    .   (no shield)
rNeg    . . .      Spirit   .   a - +0 robe
rPois   +          Reflect  .   (no helmet)
rElec   .          Harm     .   (no cloak)
rCorr   .          Rampage  .   (no gloves)
Will    .....                   (no boots)
Stlth   ++........              (no amulet)
HPRegen 0.17/turn               n - ring of poison resistance
MPRegen 0.13/turn               (no ring)

@: about to teleport
A: claws 1, repulsion field 2, demonic magic 1
a: no special abilities


You were on level 6 of the Dungeon.
You visited 1 branch of the dungeon, and saw 6 of its levels.
You also visited: Sewer.

You collected 276 gold pieces.

Inventory:

Hand Weapons
 d - a +0 short sword
 o - a +2 long sword of electrocution
 x - a +1 dagger of venom (weapon)
Missiles
 h - a throwing net {!f}
 D - a curare-tipped dart {!f}
Armour
 a - a +0 robe (worn)
Magical Staves
 e - a staff of death
Jewellery
 n - a ring of poison resistance (left claw)
 u - the amulet "Sahuav" {Spirit rC++}
   (You found it on level 4 of the Dungeon)

   [amulet of guardian spirit]

   It causes incoming damage to be divided between your reserves of health and
   magic.
   rC:        It greatly protects you from cold.
Scrolls
 f - 5 scrolls of teleportation
 g - a scroll of enchant weapon {unknown}
 k - 3 scrolls of torment
 l - a scroll of amnesia {unknown}
 p - a scroll of summoning
 r - a scroll of noise
 v - a scroll of enchant armour {unknown}
 w - a scroll of fog {unknown}
 y - a scroll of vulnerability {unknown}
 B - a scroll of poison {unknown}
 C - 2 scrolls of identify {@r1}
Potions
 b - 2 potions of magic
 c - 2 potions of curing {@q1}
 i - 2 potions of flight {unknown}
 j - 2 potions of cancellation {unknown}
 m - 3 potions of degeneration {unknown}
 q - a potion of ambrosia {unknown}
 s - 2 potions of heal wounds {unknown}
 t - a potion of lignification {unknown}
 z - a potion of might {unknown}
 A - a potion of mutation {unknown}


   Skills:
 - Level 2.0 Dodging
 - Level 2.0 Stealth
 - Level 3.0 Spellcasting
 * Level 7.6 Conjurations
 * Level 7.5 Fire Magic


You had 3 spell levels left.
You knew the following spells:

 Your Spells              Type           Power      Damage    Failure   Level
a - Foxfire               Conj/Fire      100%       2x1d9     1%          1
b - Scorch                Fire           58%        2d7       1%          2
c - Conjure Flame         Conj/Fire      30%        6-21      2%          3
d - Flame Wave            Conj/Fire      30%        2d8       7%          4

Your spell library contained the following spells:

 Spells                   Type           Power      Damage    Failure   Level
 Inner Flame              Hex/Fire       16%        N/A       11%         3
 Gell's Gravitas          Tloc           2%         N/A       43%         3
 Lesser Beckoning         Tloc           2%         N/A       43%         3
 Teleport Other           Tloc           2%         N/A       43%         3


Dungeon Overview and Level Annotations

Branches:
Dungeon (6/15)              Sewer (visited)
 Temple: D:4-7

Altars:
Fedhas
Hepliaklqana
Qazlal


Innate Abilities, Weirdness & Mutations

You have sharp fingernails.
You are surrounded by a moderate repulsion field. (EV +3)
Spells you cast may paralyse adjacent enemies.


Message History

You closely miss the kobold.
The kobold is severely wounded.
You kill the kobold!
The iguana bites you!
* * * LOW HITPOINT WARNING * * *
You take 12 damage, and have 9/52 hp.
MASSIVE DAMAGE!!
The kobold shouts!
Things that are here:
a +0 short sword; a stone; a kobold corpse You see here a hound corpse.
The kobold hits you with a +0 club.
* * * LOW HITPOINT WARNING * * *
You take 4 damage, and have 6/52 hp.
The kobold shouts!
The kobold misses you. The iguana attacks as you move away!
The iguana closely misses you.
There is a stone staircase leading up here.
Okay, then.
Unknown command.
Unknown command.
Unknown command.
The iguana attacks as you move away! The iguana bites you.
* * * LOW HITPOINT WARNING * * *
The iguana attacks as you move away! The iguana barely misses you.
The iguana attacks as you move away! The iguana closely misses you.
Okay, then.
Okay, then.
Unknown command.
Unknown command.
Unknown command.
Unknown command.
The iguana attacks as you move away! The iguana misses you.
The iguana attacks as you move away! The iguana bites you.
* * * LOW HITPOINT WARNING * * *
You take 3 damage, and have 4/52 hp.
As you read the scroll of teleportation, it crumbles to dust.
You feel strangely unstable. The iguana barely misses you.
The iguana attacks as you move away! The iguana bites you.
You die...

#. #......
#.##.##.#
######.......#
#............#
.#####K#.##.#
#K#)KK.#
#.###..#
#K###..###
#.l@.....#
###.#.##†#
#...##)#
#.####.#
.##.####†#
.§...K...#
....###### §
..#


You could see an iguana and a kobold.

Vanquished Creatures
  Menkaure (D:6)
  A water moccasin (D:6)
  2 ice beasts
  3 black bears
  2 kobold brigands
  3 scorpions
  A water moccasin zombie (D:4)
  2 wights (D:6)
  A centaur zombie (D:4)
  A bullfrog zombie (D:4)
  3 hounds
  An orc priest (D:5)
  A jelly (D:6)
  A scorpion zombie (D:4)
  An orc wizard (D:4)
  A hound zombie (D:4)
  11 adders
  A river rat (Sewer)
  3 ufetubi
  An adder zombie (D:4)
  3 worms
  A dart slug (D:4)
  7 orcs
  9 ball pythons
  6 bats
  10 endoplasms
  7 giant cockroaches
  5 goblins
  9 hobgoblins
  10 jackals
  22 kobolds
  3 quokkas
  3 frilled lizards
  A quokka zombie (D:4)
  8 rats
145 creatures vanquished.

Vanquished Creatures (others)
  392 foxfires
  2 withered plants (D:4)
394 creatures vanquished.

Grand Total: 539 creatures vanquished

Notes
Turn   | Place    | Note
-------+----------+-------------------------------------------
     0 | D:1      | Orthodox the Demonspawn Fire Elementalist began the quest
                  | for the Orb.
     0 | D:1      | Reached XP level 1. HP: 13/13 MP: 3/3
   273 | D:1      | Gained mutation: You have sharp fingernails. [demonic
                  | ancestry]
   273 | D:1      | Reached XP level 2. HP: 19/19 MP: 0/5
   422 | D:1      | Learned a level 2 spell: Scorch
   847 | D:1      | Reached XP level 3. HP: 22/24 MP: 3/6
   922 | D:1      | Found a faded altar of an unknown god.
  2026 | D:3      | Reached XP level 4. HP: 30/30 MP: 1/7
  2270 | D:3      | Found a stormy altar of Qazlal.
  2721 | D:3      | Learned a level 3 spell: Conjure Flame
  2780 | D:4      | Found a glowing drain.
  2798 | Sewer    | Entered a sewer
  3266 | Sewer    | Gained mutation: You are surrounded by a mild repulsion
                  | field. (EV +2) [demonic ancestry]
  3266 | Sewer    | Reached XP level 5. HP: 35/35 MP: 5/9
  3706 | D:4      | Learned a level 4 spell: Flame Wave
  3891 | D:4      | Noticed a black bear
  4137 | D:4      | Gained mutation: Spells you cast may paralyse adjacent
                  | enemies. [demonic ancestry]
  4137 | D:4      | Reached XP level 6. HP: 41/41 MP: 5/10
  4233 | D:4      | Identified the amulet "Sahuav" {Spirit rC++}
  4492 | D:4      | Found a hazy altar of Hepliaklqana.
  5437 | D:4      | Reached skill level 5 in Fire Magic
  5437 | D:4      | Reached XP level 7. HP: 46/46 MP: 3/11
  5643 | D:4      | Reached skill level 5 in Conjurations
  5763 | D:5      | Entered Level 5 of the Dungeon
  6364 | D:5      | Found a blossoming altar of Fedhas.
  6716 | D:5      | Gained mutation: You are surrounded by a moderate repulsion
                  | field. (EV +3) [demonic ancestry]
  6716 | D:5      | Reached XP level 8. HP: 52/52 MP: 4/12
  7208 | D:6      | Noticed Menkaure
  7220 | D:6      | Killed Menkaure
  7448 | D:6      | Slain by an iguana

Illustrated notes

Levels and vault maps discovered:
D:1:      eino_arrival_cavern_b, layout_rooms,
          hellmonk_ecumenical_altar_leap_of_faith
D:2:      layout_rooms
D:3:      layout_rooms, mainiacjoe_overflow_concentric_impassable
D:4:      layout_layer_cave, nicolae_overflow_crystal_walls,
          mainiacjoe_overflow_alcove_4, cheibrodos_sewer_entry_bend,
          serial_undead, serial_undead_d, serial_undead_e, serial_undead_a,
          serial_undead_e, nrook_loot_triangle, corner_web_ring
D:5:      layout_loops_ring, tso_altar, general_overflow_altar
D:6:      layout_loops_cross, nicolae_dithmenos_the_darkroom,
          nicolae_uskayaw_dance_hall, uniq_menkaure

Skill      XL: |  1  2  3  4  5  6  7  8 |
---------------+-------------------------+-----
Stealth        | 2 |  2.0
Dodging        | 2 |  2.0
Fire Magic     | 3 4 5 6 7 |  7.5
Conjurations   | 2 3 4 6 7 |  7.6
Spellcasting   | 3 |  3.0

Action                   |  1- 3 |  4- 6 |  7- 9 || total
-------------------------+-------+-------+-------++-------
Melee: Unarmed           |     2 |       |       ||     2
       Short sword       |    10 |     7 |       ||    17
       Long sword        |       |    15 |     8 ||    23
       Dagger            |       |       |    12 ||    12
 Cast: Foxfire           |    72 |   105 |    58 ||   235
       Scorch            |     8 |    16 |    23 ||    47
       Conjure Flame     |       |     1 |     4 ||     5
       Flame Wave        |       |       |     1 ||     1
  Use: Scroll            |       |     4 |     1 ||     5
       Potion            |       |       |     1 ||     1
 Stab: Paralysed         |       |     4 |     7 ||    11
       Sleeping          |       |       |     1 ||     1
Armor: Robe              |     5 |     5 |     2 ||    12
Dodge: Dodged            |    14 |    24 |    25 ||    63

Table legend: (Time is in decaauts)
 A = Elapsed time spent in this place.
 B = Non-inter-level travel time spent in this place.
 C = Inter-level travel time spent in this place.
 D = Time resting spent in this place.
 E = Time spent auto-exploring this place.
 F = Levels seen in this place.
 G = Mean time per level.
                   A        B        C        D        E       F      G
               +--------+--------+--------+--------+--------+-----+--------+
         Total |   7530 |   6926 |    604 |   1582 |   4149 |   7 | 1075.7 |
       Dungeon |   6651 |   6047 |    604 |   1187 |   3827 |   6 | 1108.5 |
         Sewer |    878 |    878 |      0 |    395 |    321 |   1 |  878.0 |
               +--------+--------+--------+--------+--------+-----+--------+

Top non-repeatable levels by time:
     D:4: 2187 daAuts
     D:5: 1319 daAuts
     D:1: 1253 daAuts
   Sewer: 878 daAuts
     D:2: 878 daAuts
     D:3: 783 daAuts
     D:6: 229 daAuts
